 Dungeon Crawl Stone Soup version 0.17-a0-1210-g1e4f09d (webtiles) character file.

33 MonkeyBuisness the Covered (level 3, 0/23 HPs)
             Began as a Gargoyle Fighter on June 4, 2015.
             Slain by Sigmund
             ... wielding a +0 scythe
              (10 damage)
             ... on level 2 of the Dungeon.
             The game lasted 00:02:16 (1118 turns).

MonkeyBuisness the Covered (Gargoyle Fighter)       Turns: 1118, Time: 00:02:16

Health: 0/23       AC: 10    Str: 20    XL:     3   Next: 29%
Magic:  3/3        EV:  7    Int:  8    God:
Gold:   44         SH:  9    Dex:  9    Spells: 0 memorised, 2 levels left

rFire  . . .     SeeInvis .     a - +0 war axe
rCold  . . .     Clarity  .     b - +0 scale mail
rNeg   + . .     SustAt   .     c - +0 shield
rPois  ∞         Gourm    .     (no helmet)
rElec  +         Spirit   .     (no cloak)
rCorr  .         Warding  .     (no gloves)
rMut   .         Stasis   .     (no boots)
MR     .....                    (no amulet)
Stlth  ..........               (no ring)
                                (no ring)

@: not resistant to hostile enchantments, extremely unstealthy
A: negative energy resistance 1, electricity resistance, unbreathing,
petrification resistance, rot immunity, AC +3
a: no special abilities


You were on level 2 of the Dungeon.
You were not hungry.

You visited 1 branch of the dungeon, and saw 2 of its levels.

You collected 44 gold pieces.

Inventory:

Hand weapons
 a - a +0 war axe (weapon)
Armour
 b - a +0 scale mail (worn)
 c - a +0 shield (worn)
Scrolls
 g - a scroll of immolation {unknown}
 h - a scroll of remove curse {unknown}
 k - 2 scrolls of fear {unknown}
 l - a scroll of amnesia {unknown}
 m - 2 scrolls of identify {unknown}
Potions
 d - a potion of might
 f - a potion of cancellation {unknown}
 i - 2 potions of degeneration {unknown}
Comestibles
 e - a bread ration {@e1}
 j - a slice of pizza


   Skills:
 + Level 3.5 Fighting
 * Level 2.3 Axes
 + Level 3.6 Armour
 + Level 1.0 Dodging
 - Level 3.2 Shields


You had 2 spell levels left.
You didn't know any spells.

Dungeon Overview and Level Annotations

Branches:
Dungeon (2/15)

Altars:
Ashenzari
Nemelex Xobeh

Annotations:
D:2 Sigmund


Innate Abilities, Weirdness & Mutations

You are resistant to torment.
Your stone body is resilient (AC +3).
You are immune to poison.
You resist negative energy.
You are resistant to electric shocks.
You can survive without breathing.
You are immune to petrification.
You are immune to rotting.


Message History

No target in view!
No target in view!
No target in view!
No target in view!
No target in view!
No target in view!
No target in view!
No target in view!
A bat comes into view.
Health restored: 23 You block the bat's attack.
You barely miss the bat. The bat barely misses you. The bat barely misses you.
The bat hits you but does no damage. The bat hits you but does no damage.
The bat hits you.
You take 1 damage, and have 22/23 hp.
You closely miss the bat. The bat barely misses you.
The bat hits you but does no damage. x2
You barely miss the bat. You block the bat's attack.
You block the bat's attack.
You miss the bat. You block the bat's attack. You block the bat's attack.
The teleport trap disappears.
The bat disappears!
No target in view!
No target in view!
A giant gecko comes into view.
Health restored: 23 You closely miss the giant gecko.
You block the giant gecko's attack. You block the giant gecko's attack.
You closely miss the giant gecko. The giant gecko bites you.
You block the giant gecko's attack.
You take 3 damage, and have 20/23 hp.
You hit the giant gecko.
The giant gecko bites you but does no damage.
The giant gecko barely misses you.
You hit the giant gecko.
You kill the giant gecko!
No target in view!
No target in view!
You see here a giant gecko corpse.
There is a stone staircase leading down here.
You see here 6 arrows.
You are feeling hungry.
You regained 2 hp, and now have 22/23 hp.
You see here a chain mail.
You now have 35 gold pieces (gained 13).
Done exploring.
Health restored: 23 Done exploring.
You see here a chain mail.
There is a stone staircase leading down here.
You climb downwards.
A rat and a hobgoblin come into view.
The hobgoblin shouts!
There is a stone staircase leading up here.
You hit the rat.
You kill the rat!
You hit the hobgoblin.
You kill the hobgoblin!
i - 2 ruby potions (gained 1)
You now have 44 gold pieces (gained 9).
Found a stone staircase leading down.
m - 2 scrolls labeled BESUDGH TABIH
Found a shattered altar of Ashenzari.
A giant newt and Sigmund come into view.
Sigmund shouts!
Eat which item? (? for menu, Esc to quit)
You continue eating. x2
The giant newt barely misses you.
You finish eating.
That bread ration really hit the spot!
You barely miss the giant newt. The giant newt barely misses you.
You hit the giant newt but do no damage.
You block the giant newt's attack. The giant newt completely misses you.
You miss the giant newt. Sigmund barely misses you.
The giant newt closely misses you.
You barely miss the giant newt. The giant newt barely misses you.
Sigmund barely misses you. The giant newt bites you.
You take 1 damage, and have 22/23 hp.
You closely miss the giant newt. Sigmund barely misses you.
The giant newt closely misses you.
You completely miss the giant newt. You block the giant newt's attack.
Sigmund hits you from afar with a scythe.
You take 1 damage, and have 21/23 hp.
You miss the giant newt.
The giant newt bites you but does no damage.
Sigmund casts a spell.
Sigmund flickers and vanishes!
Deactivating autopickup; reactivate with Ctrl-A.
The giant newt hisses menacingly.
The giant newt bites you but does no damage.
You miss the giant newt. Something hits you but does no damage.
The giant newt barely misses you.
You slash the giant newt!
You kill the giant newt!
Something hits you.
You take 2 damage, and have 19/23 hp.
Something hits you!
A giant cockroach comes into view.
You take 9 damage, and have 10/23 hp.
MASSIVE DAMAGE!!
You closely miss something. Something hits you!
You die...

...###.....####.##.
##.###...###.....
#....###......##
##..............#
#.......######.#
##......# #......#
#......# #####@.#
.......{.#
.....###.# .... s.
... ... .. .### .
##


You could see a giant cockroach.

Vanquished Creatures
  A gnoll (D:1)
  2 giant geckos (D:1)
  2 bats (D:1)
  A giant cockroach (D:1)
  A goblin (D:1)
  3 hobgoblins
  5 kobolds (D:1)
  3 giant newts
  4 rats
22 creatures vanquished.

Notes
Turn   | Place    | Note
--------------------------------------------------------------
     0 | D:1      | MonkeyBuisness the Gargoyle Fighter began the quest for the Orb.
     0 | D:1      | Reached XP level 1. HP: 14/14 MP: 1/1
    84 | D:1      | Found a sparkling altar of Nemelex Xobeh.
   255 | D:1      | Reached skill level 2 in Axes
   255 | D:1      | Reached XP level 2. HP: 16/19 MP: 2/2
   399 | D:1      | HP: 2/19 [gnoll (5)]
   784 | D:1      | Reached XP level 3. HP: 23/23 MP: 3/3
   795 | D:1      | Reached skill level 1 in Dodging
  1092 | D:2      | Found a shattered altar of Ashenzari.
  1103 | D:2      | Noticed Sigmund
  1118 | D:2      | Slain by Sigmund

Vault maps used:
D:1:      erik_arrival_blinker_ship, nemelex_xobeh_ov_fountains_minmay
D:2:      first_bread, nicolae_ashenzari_panopticon, uniq_sigmund

Action                   || total
-------------------------++-------
Melee: War axe           ||    94
  Use: Potion            ||     1
  Eat: Bread ration      ||     1

Vault maps used:
D:1:      erik_arrival_blinker_ship, nemelex_xobeh_ov_fountains_minmay
D:2:      first_bread, nicolae_ashenzari_panopticon, uniq_sigmund

Table legend:
 A = Turns spent in this place as a percentage of turns spent in the entire game.
 B = Non-inter-level travel turns spent in this place as a percentage of non-inter-level travel turns spent in the entire game.
 C = Inter-level travel turns spent in this place as a percentage of turns spent in this place.
 D = Turns resting spent in this place as a percentage of non-inter-level travel turns spent in this place.
 E = Turns spent auto-exploring this place as a percentage of non-inter-level travel turns spent in this place.
 F = Non-inter-level travel turns spent in this place divided by the number of levels of this place that you've seen.
                   A       B       C       D       E      F
               +-------+-------+-------+-------+-------+----------------------
         Total | 100.0 | 100.0 |   0.4 |   1.9 |  13.5 | 133.0
       Dungeon | 100.0 | 100.0 |   0.4 |   1.9 |  13.5 | 133.0
               +-------+-------+-------+-------+-------+----------------------

Table legend:
 A = Kills in this place as a percentage of kills in entire the game.
 B = Kills by you in this place as a percentage of kills by you in the entire game.
 C = Kills by friends in this place as a percentage of kills by friends in the entire game.
 D = Other kills in this place as a percentage of other kills in the entire game.
 E = Experience gained in this place as a percentage of experience gained in the entire game.
 F = Experience gained in this place divided by the number of levels of this place that you have seen.
                   A       B       C       D       E      F
               +-------+-------+-------+-------+-------+----------------------
         Total | 100.0 | 100.0 |  -nan |  -nan | 100.0 |  24.0
       Dungeon | 100.0 | 100.0 |  -nan |  -nan | 100.0 |  24.0
               +-------+-------+-------+-------+-------+----------------------
